 Dungeon Crawl Stone Soup version 0.20.1-1-g8b1a95d (webtiles) character file.

37 Dawnplanks the Skirmisher (level 3, -2/29 HPs)
             Began as a Demonspawn Abyssal Knight on Nov 25, 2017.
             Was a Follower of Lugonu.
             Slain by Terence
             ... wielding a +0 morningstar
              (4 damage)
             ... on level 3 of the Dungeon.
             The game lasted 00:04:51 (1329 turns).

Dawnplanks the Skirmisher (DsAK)                    Turns: 1329, Time: 00:04:52

Health: -2/29      AC:  7    Str: 13    XL:     3   Next: 21%
Magic:  5/5        EV: 10    Int: 13    God:    Lugonu [*.....]
Gold:   56         SH:  0    Dex: 12    Spells: 2/2 levels left

rFire    . . .     SeeInvis .   a - +1 short sword
rCold    . . .     Gourm    .   (no shield)
rNeg     . . .     Faith    .   j - +0 ring mail
rPois    .         Spirit   .   (helmet restricted)
rElec    .         Reflect  .   (no cloak)
rCorr    +         Harm     .   (no gloves)
MR       .....                  (no boots)
Stlth    +.........             (no amulet)
Regen    0.1/turn               g - ring of resist corrosion
MPRegen  0.1/turn               (no ring)

@: lethally poisoned (-2 -> -4)
A: antennae 1, molten scales 1
a: Depart the Abyss, Renounce Religion


You were on level 3 of the Dungeon.
You worshipped Lugonu.
Lugonu was aware of your devotion.
You were not hungry.

You visited 1 branch of the dungeon, and saw 3 of its levels.
You visited the Abyss 1 time.

You collected 56 gold pieces.

Inventory:

Hand Weapons
 a - a +1 short sword (weapon)
Armour
 b - a +0 leather armour
 j - a +0 ring mail (worn)
Jewellery
 g - a ring of resist corrosion (left hand)
Wands
 k - a wand of digging (21/24)
Scrolls
 f - 2 scrolls of remove curse {unknown}
 h - a scroll of identify {unknown}
Potions
 e - a potion of resistance {unknown}
Comestibles
 c - 2 bread rations
 d - 6 fruits
 i - a royal jelly


   Skills:
 + Level 3.4 Fighting
 + Level 2.4 Short Blades
 + Level 2.0 Armour
 + Level 1.1 Dodging
 + Level 2.7 Invocations


You had 2 spell levels left.
You didn't know any spells.

Dungeon Overview and Level Annotations

Branches:
Dungeon (3/15)

Altars:

Annotations:
D:3 Terence


Innate Abilities, Weirdness & Mutations

You have a pair of small antennae on your head.
You are partially covered in molten scales. (AC +2)


Message History

* * * LOW HITPOINT WARNING * * *
You feel sick. The adder barely misses you.
You open the door.
* * * LOW HITPOINT WARNING * * *
You feel sick. The adder closely misses you.
Found 19 bolts.
A frilled lizard comes into view.
There is an open door here.
The adder closely misses you.
You closely miss the adder.
* * * LOW HITPOINT WARNING * * *
You feel sick. The adder bites you but does no damage.
You puncture the adder!
The adder is severely wounded.
The adder bites you but does no damage.
The frilled lizard bites you but does no damage.
The adder completely misses you.
You closely miss the frilled lizard. Terence hits you with a morningstar.
You die...

##### #...# #...# #...#
#...#
#####(..###############
#....l@So..............
#.###..@###############
#####


You could see Terence, an adder, an orc and a frilled lizard.

Vanquished Creatures
  An adder (D:2)
  A dart slug (D:1)
  A leopard gecko (D:3)
  3 bats (D:1)
  A giant cockroach (D:3)
  2 goblins (D:1)
  3 hobgoblins (D:1)
  4 jackals (D:1)
  3 kobolds
  A frilled lizard (D:2)
  2 rats (D:1)
22 creatures vanquished.

Notes
Turn   | Place    | Note
-------+----------+-------------------------------------------
     0 | Abyss:1  | Dawnplanks the Demonspawn Abyssal Knight began the quest for the Orb.
     0 | Abyss:1  | Reached XP level 1. HP: 18/18 MP: 2/2
    47 | Abyss:1  | Noticed a jelly
    66 | D:1      | Escaped the Abyss
   366 | D:1      | Gained mutation: You are partially covered in molten scales. (AC +2) [demonic ancestry]
   366 | D:1      | Reached XP level 2. HP: 18/24 MP: 3/3
   373 | D:1      | Reached * piety under Lugonu
   969 | D:1      | Reached skill level 1 in Dodging
  1149 | D:2      | Gained mutation: You have a pair of small antennae on your head. [demonic ancestry]
  1149 | D:2      | Reached XP level 3. HP: 24/29 MP: 5/5
  1156 | D:2      | Noticed Terence
  1329 | D:3      | Slain by Terence

Skill      XL: |  1  2 |
---------------+-------+-----
Short Blades   | 2 |  2.4
Armour         | 2 |  2.0
Dodging        | 1 |  1.1
Fighting       | |  3.4
Invocations    | |  2.7

Action                   || total
-------------------------++-------
Melee: Short sword       ||    83
Invok: Depart the Abyss  ||     1
  Eat: Fruit             ||     1
Armor: Leather armour    ||    29
       Ring mail         ||    31
Dodge: Dodged            ||    59
